 Dungeon Crawl Stone Soup version 0.16.1-51-g6203257 (webtiles) character file.

1610 uhvn the Sneak (level 8, -1/42 HPs)
             Began as a Vine Stalker Monk on July 16, 2015.
             Was a Priest of Dithmenos.
             Slain by a vampire (7 damage)
             ... on level 9 of the Dungeon.
             The game lasted 00:25:17 (5394 turns).

uhvn the Sneak (Vine Stalker Monk)                  Turns: 5394, Time: 00:25:17

Health: -1/42      AC:  3    Str: 14    XL:     8   Next: 95%
Magic:  0/11       EV: 16    Int: 13    God:    Dithmenos [***...]
Gold:   332        SH:  0    Dex: 19    Spells: 0 memorised, 7 levels left

rFire  . . .     SeeInvis .     I - +5 dagger
rCold  . . .     Clarity  .     a - +0 robe
rNeg   . . .     SustAb   .     (no shield)
rPois  .         Gourm    .     (no helmet)
rElec  .         Spirit   +     (no cloak)
rCorr  .         Warding  .     B - +0 pair of gloves
rMut   .         Stasis   .     (no boots)
MR     ++...                    (no amulet)
Stlth  +++.......               F - ring of protection from magic
                                y - +3 ring of intelligence

@: wreathed by umbra, very resistant to hostile enchantments, fairly stealthy
A: fangs 3, regeneration 2, magic shield, antimagic bite, no device heal 3, rot
immunity
a: Shadow Step, Renounce Religion


You were on level 9 of the Dungeon.
You worshipped Dithmenos.
Dithmenos was most pleased with you.
You were not hungry.

You visited 2 branches of the dungeon, and saw 10 of its levels.

You collected 332 gold pieces.

Inventory:

Hand weapons
 g - a +0 short sword
 G - a +2 dagger of speed
 H - the +5 hunting sling of the Forgotten Spirits {freeze, +Inv rElec Int+4}
   (You found it on level 6 of the Dungeon)

   It causes projectiles fired from it to freeze those they strike, causing
   extra injury to most foes and up to half again as much damage against
   particularly susceptible opponents.
   They can also slow down cold-blooded creatures.
   It affects your intelligence (+4).
   It insulates you from electricity.
   It lets you turn invisible.
 I - a +5 dagger (weapon)
Armour
 a - a +0 robe (worn)
 B - a +0 pair of gloves (worn)
Jewellery
 y - a +3 ring of intelligence (left hand)
 F - a ring of protection from magic (right hand)
Magical devices
 r - a wand of polymorph (14)
 M - a wand of enslavement (17)
 N - a wand of magic darts (29)
 P - a wand of paralysis (16)
Scrolls
 c - 2 scrolls of fog
 f - 12 scrolls of identify
 k - 2 scrolls of enchant weapon
 l - 2 scrolls of remove curse
 n - a scroll of fear
 q - 2 scrolls of teleportation {unknown}
 D - 2 scrolls of blinking {unknown}
 L - a scroll of acquirement {unknown}
 O - 2 scrolls of enchant armour {unknown}
Potions
 d - 3 potions of curing {unknown}
 h - a potion of degeneration {unknown}
 m - 3 potions of heal wounds {unknown}
 o - 3 potions of brilliance {unknown}
 t - 3 potions of poison {unknown}
 u - 2 potions of haste {unknown}
 z - 2 potions of might {unknown}
 C - a potion of magic {unknown}
 E - a potion of lignification {unknown}
Books
 K - a Young Poisoner's Handbook

   Spells                             Type                      Level
   a - Sting                          Conjuration/Poison           1
   b - Cure Poison                    Poison                       2
   c - Mephitic Cloud                 Conjuration/Poison/Air       3
   d - Olgreb's Toxic Radiance        Poison                       4
   e - Venom Bolt                     Conjuration/Poison           5
Miscellaneous
 s - a plain deck of summoning {the Illusion}
Comestibles
 b - 6 bread rations
 i - 7 meat rations
 v - a royal jelly
 x - 2 beef jerkies
 A - a slice of pizza


   Skills:
 + Level 4.6 Fighting
 * Level 5.6 Short Blades
 + Level 5.3 Dodging
 + Level 7.5 Stealth
 - Level 4.0 Unarmed Combat


You had 7 spell levels left.
You didn't know any spells.

Dungeon Overview and Level Annotations

Branches:
Dungeon (9/15)             Temple (1/1) D:6
   Lair: D:8-11         Orc: D:9-12

Altars:
Ashenzari
Cheibriados
Dithmenos
Elyvilon
Fedhas
Gozag
Kikubaaqudgha
Makhleb
Nemelex Xobeh
Okawaru
Ru
Sif Muna
Trog
Vehumet
Xom
Yredelemnul
The Shining One

Shops:
D:9 [


Innate Abilities, Weirdness & Mutations

You have razor-sharp teeth.
You heal very quickly.
When hurt, damage is shared between your health and your magic reserves.
Your bite disrupts and absorbs the magic of your enemies.
Potions and wands cannot restore your health.
You are immune to rotting.


Message History

The vampire barely misses you. The vampire bites you!
* * * LOW HITPOINT WARNING * * *
You hit the vampire but do no damage. You bite the vampire, but do no damage.
Your unstable footing causes you to fumble your attack.
The vampire hits you but does no damage.
The vampire bites you.
* * * LOW HITPOINT WARNING * * *
Your unstable footing causes you to fumble your attack.
The vampire misses you. The vampire bites you.
* * * LOW HITPOINT WARNING * * *
Use which ability? (? or * to list)
Aiming: Shadow Step
Press: ? - help, Dir - move target cursor There isn't a shadow there.
Okay, then.
You closely miss the vampire. The vampire hits you!
* * * LOW HITPOINT WARNING * * *
The vampire closely misses you. The vampire hits you!
You die...

≈≈≈≈.≈........#.....PPPPPP...PPP
≈≈≈≈.≈...##.#.#.................
≈≈≈≈.≈....#.#.#.....♣♣♣♣#####.♣.
....≈....≈.#.#.......>P# #♣.♣
≈≈≈≈..≈.≈.#.#....#♣PPP# #.♣.
≈≈≈..≈.≈...≈##..###### ## #
≈≈....##≈≈≈≈#....'. +
......##≈≈≈≈≈≈..### # ≈≈≈≈≈.≈.
##≈≈≈@#..## # .;≈≈...#.
##≈V.....## # ..≈≈≈...
##)......#
....≈..#######.(.....## #
≈≈≈.≈........#........# #
≈≈≈.≈≈.#...((........## #
≈≈≈.≈≈.#.###.#........#
≈≈≈...........?###...## #
≈≈≈≈≈≈≈.#.≈≈.≈.## .... #


You could see a vampire.

Vanquished Creatures
  2 ice beasts
  A black bear (D:6)
  3 ogres
  2 centaurs
  A crocodile (D:9)
  A giant frog (D:7)
  2 goliath beetles (D:7)
  2 crimson imps (D:6)
  An orc priest (D:7)
  3 hounds
  A giant frog skeleton (D:6)
  4 orc wizards
  A centaur skeleton (D:4)
  4 worker ants
  2 iguanas (D:6)
  A hound zombie (D:7)
  A hound skeleton (D:5)
  A worker ant zombie (D:5)
  4 adders
  3 gnolls (D:5)
  A giant mite (D:7)
  2 worms
  13 orcs
  12 bats
  4 giant cockroaches
  11 hobgoblins
  12 jackals
  3 quokkas
  A giant gecko (D:5)
  5 giant newts
  8 goblins
  6 kobolds
  A quokka skeleton (D:5)
  A quokka zombie (D:5)
  8 rats
  A spectral orc (D:5)
129 creatures vanquished.

Notes
Turn   | Place    | Note
--------------------------------------------------------------
     0 | D:1      | uhvn, the Vine Stalker Monk, began the quest for the Orb.
     0 | D:1      | Reached XP level 1. HP: 11/11 MP: 1/1
   160 | D:1      | Reached XP level 2. HP: 16/16 MP: 3/3
   660 | D:1      | Reached XP level 3. HP: 14/19 MP: 2/4
   816 | D:2      | Found a shattered altar of Ashenzari.
  1010 | D:2      | Reached skill level 1 in Short Blades
  1084 | D:2      | Found a sparkling altar of Nemelex Xobeh.
  1654 | D:3      | Found a shadowy altar of Dithmenos.
  1664 | D:3      | Became a worshipper of Dithmenos the Shadowed
  1664 | D:3      | Acquired Dithmenos' first power
  1799 | D:3      | Reached XP level 4. HP: 13/23 MP: 5/5
  2157 | D:4      | Found a white marble altar of Elyvilon.
  2387 | D:4      | Reached XP level 5. HP: 19/28 MP: 7/7
  2684 | D:5      | Entered Level 5 of the Dungeon
  2706 | D:5      | Found an iron altar of Okawaru.
  2706 | D:5      | Noticed an ice beast
  2786 | D:4      | Killed an ice beast
  2786 | D:4      | Reached skill level 5 in Stealth
  2786 | D:4      | Gained mutation: You heal very quickly. [vine stalker growth]
  2786 | D:4      | Reached XP level 6. HP: 8/32 MP: 5/8
  3059 | D:5      | Noticed a centaur
  3081 | D:5      | Killed a centaur
  3210 | D:5      | Noticed an ogre
  3213 | D:5      | Killed an ogre
  3213 | D:5      | Reached XP level 7. HP: 36/36 MP: 9/9
  3271 | D:5      | Found a basalt altar of Yredelemnul.
  3580 | D:6      | Found a sacrificial altar of Ru.
  3675 | D:6      | Found a staircase to the Ecumenical Temple.
  3698 | Temple   | Entered the Ecumenical Temple
  3792 | D:6      | Acquired Dithmenos' second power
  3792 | D:6      | Reached skill level 6 in Stealth
  3890 | D:6      | Got a scorched hunting sling
  3958 | D:6      | Gained mutation: You have razor-sharp teeth. [vine stalker growth]
  3958 | D:6      | Reached XP level 8. HP: 20/42 MP: 6/11
  4806 | D:7      | Reached skill level 5 in Dodging
  4881 | D:7      | Reached skill level 5 in Short Blades
  4881 | D:7      | Reached skill level 7 in Stealth
  5168 | D:8      | Identified the +5 hunting sling of the Forgotten Spirits {freeze, +Inv rElec Int+4} (You found it on level 6 of the Dungeon)
  5355 | D:9      | Found Triept's Armour Boutique.
  5394 | D:9      | Slain by a vampire

Action                   |  1- 3 |  4- 6 |  7- 9 || total
-------------------------+-------+-------+-------++-------
Melee: Dagger            |    36 |    43 |   296 ||   375
       Short sword       |   114 |   142 |       ||   256
  Use: Scroll            |       |       |     8 ||     8
 Stab: Sleeping          |     6 |     8 |    18 ||    32
       Distracted        |       |       |     3 ||     3
  Eat: Chunk             |     2 |     5 |     6 ||    13
       Pizza             |       |       |     1 ||     1
